 Dungeon Crawl Stone Soup version 0.17-a0-1767-gccbed74 (webtiles) character file.

248 luca467 the Slasher (level 5, -4/41 HPs)
             Began as a Demonspawn Berserker on Sept 6, 2015.
             Was a Priest of Trog.
             Slain by kroki's ghost (6 damage)
             ... on level 4 of the Dungeon.
             The game lasted 00:19:34 (3283 turns).

luca467 the Slasher (Demonspawn Berserker)          Turns: 3283, Time: 00:19:35

Health: -4/41      AC: 12    Str: 23    XL:     5   Next: 86%
Magic:  5/5        EV: 11    Int:  9    God:    Trog [***...]
Gold:   164        SH:  0    Dex: 14    Spells: 0 memorised, 4 levels left

rFire  . . .     SeeInvis .     s - +2 long sword (protect)
rCold  . . .     Clarity  .     g - +0 ring mail
rNeg   . . .     SustAt   .     (no shield)
rPois  .         Gourm    .     r - +1 hat
rElec  .         Spirit   .     (no cloak)
rCorr  .         Warding  .     m - +0 pair of gloves
rMut   .         Stasis   .     (no boots)
MR     .....                    (no amulet)
Stlth  ++........               (no ring)
                                i - ring of stealth

@: mighty, lethally poisoned (-4 -> -13), exhausted, slowed, very slow, not
resistant to hostile enchantments, unstealthy
A: thin skeletal structure 1
a: Burn Spellbooks, Berserk, Trog's Hand, Renounce Religion


You were on level 4 of the Dungeon.
You worshipped Trog.
Trog was most pleased with you.
You were not hungry.

You visited 1 branch of the dungeon, and saw 4 of its levels.

You collected 164 gold pieces.

Inventory:

Hand weapons
 a - a +1 falchion
 s - a +2 long sword of protection (weapon)
Armour
 b - a +0 animal skin
 g - a +0 ring mail (worn)
 m - a +0 pair of gloves (worn)
 r - a +1 hat (worn)
Jewellery
 i - a ring of stealth (left hand)
Scrolls
 d - a scroll of noise
 h - a scroll of fog
 j - a scroll of enchant armour {unknown}
 l - a scroll of magic mapping {unknown}
Potions
 n - a potion of magic {unknown}
 o - 2 potions of brilliance {unknown}
 p - a potion of resistance {unknown}
 q - 2 potions of invisibility {unknown}
Comestibles
 c - 4 bread rations
 f - 3 meat rations


   Skills:
 - Level 3.0 Fighting
 + Level 6.1 Long Blades
 - Level 1.7 Armour
 - Level 1.7 Dodging


You had 4 spell levels left.
You didn't know any spells.

Dungeon Overview and Level Annotations

Branches:
Dungeon (4/15)
 Temple: D:4-7

Altars:
Nemelex Xobeh

Annotations:
D:4 kroki's ghost, experienced KoBe


Innate Abilities, Weirdness & Mutations

You have a somewhat thin skeletal structure (Dex +2, Stealth).


Message History

Kroki's ghost hits you.
* * * LOW HITPOINT WARNING * * *
Drink which item? (? for menu, Esc to quit)
It was a potion of poison.
That liquid tasted very nasty...
You are lethally poisoned!
* * * LOW HITPOINT WARNING * * *
You feel sick.
Kroki's ghost hits you but does no damage.
Kroki's ghost hits you.
* * * LOW HITPOINT WARNING * * *
Drink which item? (? for menu, Esc to quit)
It was a potion of might.
You feel very mighty all of a sudden.
* * * LOW HITPOINT WARNING * * *
You feel sick.
Kroki's ghost hits you but does no damage.
* * * LOW HITPOINT WARNING * * *
You feel sick. Kroki's ghost hits you.
You die...

...########
#..#..# ...#
#..#)†# ## ....
#..#'##..###
.....
..##...........
......
.......g(#######
......
...#####g#
...... ... #g#
.. #W# . #@#
#.........#
#.........#
#...........
#....##.##..#
#.... #.# ..#
.... #.# .# #...
#.# .#


You could see kroki's ghost, a hobgoblin and 2 goblins.

Vanquished Creatures
  An ogre (D:4)
  A scorpion (D:4)
  3 adders
  3 giant geckos
  8 orcs
  8 giant cockroaches
  10 hobgoblins
  2 jackals (D:3)
  8 kobolds
  3 quokkas
  14 bats
  2 giant newts
  10 goblins
  6 rats
79 creatures vanquished.

Notes
Turn   | Place    | Note
--------------------------------------------------------------
     0 | D:1      | luca467 the Demonspawn Berserker began the quest for the Orb.
     0 | D:1      | Reached XP level 1. HP: 18/18 MP: 1/1
    40 | D:1      | You fall through a shaft!
   132 | D:1      | Gained mutation: You have a somewhat thin skeletal structure (Dex +2, Stealth). [demonic ancestry]
   132 | D:1      | Reached XP level 2. HP: 2/24 MP: 2/2
   790 | D:1      | Acquired Trog's second power
  1234 | D:2      | Reached XP level 3. HP: 24/29 MP: 3/3
  1407 | D:2      | Found a faded altar to an unknown god.
  1496 | D:3      | Reached skill level 4 in Long Blades
  1868 | D:3      | Reached XP level 4. HP: 15/35 MP: 4/4
  2797 | D:4      | Reached skill level 5 in Long Blades
  2864 | D:4      | HP: 1/35 [scorpion (4)]
  2866 | D:4      | Reached XP level 5. HP: 7/41 MP: 5/5
  2876 | D:4      | Noticed an ogre
  2894 | D:4      | Killed an ogre
  2894 | D:4      | Reached skill level 6 in Long Blades
  3133 | D:4      | Found a sparkling altar of Nemelex Xobeh.
  3244 | D:4      | Noticed kroki's ghost (experienced KoBe)
  3283 | D:4      | HP: 2/41 [poison (a potion of poison)]
  3283 | D:4      | Slain by kroki's ghost

Vault maps used:
D:1:      dpeg_arrival_radiant, minmay_vboxes
D:2:      ecumenical_altar_2
D:4:      corexii_shantytown, minmay_temple_entry_glass, first_bread,
          nemelex_diamond_rough_becter

Action                   |  1- 3 |  4- 6 || total
-------------------------+-------+-------++-------
Melee: Falchion          |   166 |    92 ||   258
       Long sword        |       |    28 ||    28
Invok: Berserk           |     2 |     3 ||     5
       Burn Spellbooks   |     1 |       ||     1
  Use: Scroll            |     3 |     4 ||     7
       Potion            |       |     5 ||     5
 Stab: Sleeping          |     7 |     2 ||     9
  Eat: Chunk             |     4 |     5 ||     9
       Meat ration       |       |     1 ||     1
